 Dungeon Crawl Stone Soup version 0.23.1 (webtiles) character file.

Game seed: 8554145009697771195

21 Borgoz the Sneak (level 2, -4/20 HPs)
             Began as a Ghoul Enchanter on Mar 5, 2019.
             Slain by an adder (5 damage)
             ... on level 2 of the Dungeon.
             The game lasted 00:01:24 (771 turns).

Borgoz the Sneak (Ghoul Enchanter)                   Turns: 771, Time: 00:01:25

Health: -4/20      AC:  2    Str: 11    XL:     2   Next: 83%
Magic:  0/3        EV: 12    Int: 10    God:
Gold:   6          SH:  0    Dex:  9    Spells: 1/4 levels left

rFire    . . .     SeeInvis .   a - +1 dagger
rCold    + . .     Gourm    .   (no shield)
rNeg     + + +     Faith    .   b - +0 robe
rPois    ∞         Spirit   .   (no helmet)
rElec    .         Reflect  .   (no cloak)
rCorr    .         Harm     .   (no gloves)
MR       .....                  (no boots)
Stlth    ++........             (no amulet)
HPRegen  0.00/turn              (no ring)
MPRegen  0.08/turn              (no ring)

@: very slightly contaminated, rotting
A: rotting body, claws 1, carnivore, cold resistance 1, negative energy
resistance 3, inhibited regeneration, torment resistance, unbreathing
a: no special abilities


You were on level 2 of the Dungeon.
You were not hungry.

You visited 1 branch of the dungeon, and saw 2 of its levels.

You collected 6 gold pieces.

Inventory:

Hand Weapons
 a - a +1 dagger (weapon)
Missiles
 g - 7 poisoned needles
Armour
 b - a +0 robe (worn)
Jewellery
 e - a cursed amulet of inaccuracy {unknown}
 f - an uncursed ring of protection from cold {unknown}
Scrolls
 i - a scroll of amnesia {unknown}
Potions
 h - a potion of flight {unknown}
Comestibles
 c - 3 chunks of flesh
 d - 3 rations


   Skills:
 * Level 1.8 Short Blades
 + Level 2.1 Dodging
 - Level 3.2 Stealth
 - Level 1.7 Spellcasting
 + Level 2.6 Hexes


You had one spell level left.
You knew the following spells:

 Your Spells              Type           Power        Failure   Level  Hunger
a - Corona                Hex            #......      11%         1    ##.....
b - Ensorcelled Hibernat  Hex/Ice        #.....       28%         2    ###....

Your spell library contained the following spells:

 Spells                   Type           Power        Failure   Level  Hunger
 Confuse                  Hex            #.......     32%         3    ####...
 Tukima's Dance           Hex            #.......     32%         3    ####...
 Dazzling Spray           Conj/Hex       #.....       50%         3    ####...


Dungeon Overview and Level Annotations

Branches:
Dungeon (2/15)

Altars:


Innate Abilities, Weirdness & Mutations

Your body is rotting away.
You thrive on raw meat.
You are immune to poison.
You have sharp fingernails.
You are carnivorous and can eat meat at any time.
Your flesh is cold resistant. (rC+)
You are immune to negative energy. (rN+++)
You do not regenerate when monsters are visible.
You are immune to unholy pain and torment.
You can survive without breathing.


Message History

This raw flesh tastes great!
The adder bites you.
You hit the adder.
The adder is lightly wounded.
The adder barely misses you. x2
You hit the adder.
The adder is lightly wounded.
The adder barely misses you.
You hit the adder.
The adder is heavily wounded.
The adder bites you.
You closely miss the adder.
The adder is heavily wounded.
The adder bites you.
* * * LOW HITPOINT WARNING * * *
You barely miss the adder.
The adder is heavily wounded.
The adder bites you.
* * * LOW HITPOINT WARNING * * *
The adder bites you.
You die...

###..# ######... .....
....>.... #####...#
###.#... .g......#
#.####.##.# ........#
#.........# ........#
.######.#### .......g#
............
#S###########.####
#@#.........#.....
######.#.#######.#.)###
...!...........##.#..#.#
...#####.......##.#..#..
#.......##.#..#.#
#.).....##.#..#..
........##.#..##.
........##.#.....
....#.#####.......


You could see an adder and a hobgoblin.

Vanquished Creatures
  A leopard gecko (D:1)
  2 goblins
  3 hobgoblins (D:1)
  2 kobolds (D:1)
  4 bats (D:1)
  3 frilled lizards (D:1)
  5 rats (D:1)
20 creatures vanquished.

Vanquished Creatures (others)
  5 toadstools (D:1)
5 creatures vanquished.

Grand Total: 25 creatures vanquished

Notes
Turn   | Place    | Note
-------+----------+-------------------------------------------
     0 | D:1      | Borgoz the Ghoul Enchanter began the quest for the Orb.
     0 | D:1      | Reached XP level 1. HP: 14/14 MP: 2/2
   102 | D:1      | Reached skill level 1 in Short Blades
   179 | D:1      | Reached XP level 2. HP: 11/20 MP: 0/3
   203 | D:1      | Learned a level 2 spell: Ensorcelled Hibernation
   771 | D:2      | HP: 1/20 [adder (3)]
   771 | D:2      | Slain by an adder

Skill      XL: |  1  2 |
---------------+-------+-----
Short Blades   | 1 |  1.8
Dodging        | 2 |  2.1
Stealth        | |  3.2
Spellcasting   | |  1.7
Hexes          | |  2.6

Action                   || total
-------------------------++-------
Melee: Dagger            ||    69
 Cast: Corona            ||     3
 Stab: Sleeping          ||     2
  Eat: Chunk             ||     8
Armor: Robe              ||    10
Dodge: Dodged            ||    46
